 Dungeon Sprint DCSS version 0.17-a0-18-gc25b939 (webtiles) character file.

37471 BluebellGnoll the Slayer (level 13, -10/120 HPs)
             Began as a High Elf Gladiator on Mar 8, 2015.
             Was the Champion of Qazlal.
             Mangled by a frost giant
             ... wielding a +0 battleaxe of freezing
              (17 damage)
             ... in the Dungeon (Sprint V: "Ziggurat Sprint") on Mar 9, 2015.
             The game lasted 00:36:03 (1631 turns).

BluebellGnoll the Slayer (High Elf Gladiator)       Turns: 1631, Time: 00:36:04

Health: -10/120    AC: 29    Str: 17    XL:     13   Next: 58%
Magic:  32/43      EV: -1    Int: 19    God:    Qazlal [******]
Gold:   0          SH: 39    Dex: 21    Spells: 2 memorised, 17 levels left

rFire  + . .     SeeInvis .     t - +7 Screaming Sword
rCold  + . .     Clarity  +     N - +9 gold dragon armour
rNeg   + + .     SustAb   .     q - +18 shield of the gong {rElec rN+ MR+ EV-5}
rPois  +         Gourm    .     c - +0 helmet
rElec  +         Spirit   .     Q - +0 cloak {rPois}
rCorr  .         Warding  .     W - +0 pair of gloves {Str+3}
rMut   .         NoTele   +     (no boots)
MR     ++++.                    a - amulet of clarity
Stlth  ..........               p - +6 ring of dexterity
                                K - ring "Hula Mewn" {rN+ MR++ MP+9}

@: repel missiles, incredibly resistant to hostile enchantments, extremely
unstealthy
A: blurry vision 1
a: Upheaval, Elemental Force, Disaster Area, Renounce Religion


You were in the Dungeon.
You worshipped Qazlal.
Qazlal was exalted by your worship.
You were not hungry.

You visited 1 branch

Inventory:

Hand weapons
 t - the +7 Screaming Sword (weapon)
   (You found it in the Dungeon)
 O - a +9 demon blade
Missiles
 S - 2 throwing nets (quivered)
 Y - 33 javelins
 Z - 23 poisoned javelins
Armour
 c - a +0 helmet (worn)
 q - the +18 shield of the gong (worn) {rElec rN+ MR+ EV-5}
   (You found it in the Dungeon)

   It affects your evasion (-5).
   It insulates you from electricity.
   It protects you from negative energy.
   It affects your resistance to hostile enchantments.
 N - a +9 gold dragon armour (worn)
 Q - a +0 cloak of poison resistance (worn)
 W - a +0 pair of gloves of strength (worn)
Jewellery
 a - an amulet of clarity (around neck)
 d - an uncursed ring of protection from cold
 p - a +6 ring of dexterity (right hand)
 r - a +6 ring of intelligence
 s - a +6 ring of intelligence
 K - the ring "Hula Mewn" (left hand) {rN+ MR++ MP+9}
   (You found it in the Dungeon)

   [ring of positive energy]

   It protects you from negative energy.
   It affects your resistance to hostile enchantments.
   It affects your magic capacity (+9).
 X - the ring of Neufe {rElec MR+}
   (You found it in the Dungeon)

   [ring of protection from magic]

   It insulates you from electricity.
   It affects your resistance to hostile enchantments.
Magical devices
 l - a wand of disintegration (7)
 m - a wand of fire (1)
 o - a wand of draining (3)
 P - a wand of heal wounds (7)
Scrolls
 k - 4 scrolls of blinking
 y - 4 scrolls of amnesia
 A - 2 scrolls of recharging
 B - 7 scrolls of fog
 C - 3 scrolls of holy word
 D - 4 scrolls of identify
 E - 5 scrolls of remove curse
 F - 2 scrolls of fear
Potions
 e - 9 potions of curing
 g - 11 potions of heal wounds
 h - 5 potions of haste
 i - 7 potions of magic
 j - 3 potions of berserk rage
 G - 2 potions of brilliance
 H - 2 potions of invisibility
 I - 2 potions of restore abilities
 J - 4 potions of resistance
 L - 4 potions of agility
 M - 4 potions of might
Books
 w - the Reference Book on Hurtful Aid
   (You found it in the Dungeon)

   Spells                             Type                      Level
   a - Sting                          Conjuration/Poison           1
   b - Swiftness                      Charms/Air                   2
   c - Song of Slaying                Charms                       2
   d - Regeneration                   Charms/Necromancy            3
   e - Iskenderun's Battlesphere      Conjuration/Charms           5
 R - a book of Unlife

   Spells                             Type                      Level
   a - Recall                         Summoning/Translocation      3
   b - Animate Dead                   Necromancy                   4
   c - Control Undead                 Necromancy                   4
   d - Cigotuvi's Embrace             Necromancy                   5
   e - Death Channel                  Necromancy                   6
   f - Simulacrum                     Ice/Necromancy               6
 V - a book of the Sky

   Spells                             Type                      Level
   a - Flight                         Charms/Air                   3
   b - Airstrike                      Air                          4
   c - Silence                        Hexes/Air                    5
   d - Deflect Missiles               Charms/Air                   6
   e - Conjure Ball Lightning         Conjuration/Air              6
   f - Tornado                        Air                          9
Miscellaneous
 b - a sack of spiders
 v - a plain deck of summoning {drawn: 3}
 T - a stone of tremors
 U - a phial of floods
Comestibles
 f - 5 bread rations
 x - 42 fruits
 z - 4 meat rations


   Skills:
 + Level 22.8 Fighting
 - Level 14.1 Long Blades
 - Level 5.8 Throwing
 - Level 8.0 Armour
 - Level 3.2 Dodging
 - Level 12.8 Shields
 - Level 5.1 Spellcasting
 - Level 5.5 Charms
 - Level 18.4 Invocations
 - Level 9.9 Evocations


You had 17 spell levels left.
You knew the following spells:

 Your Spells              Type           Power        Failure   Level  Hunger
a - Regeneration          Chrm/Necr      ###.......   100%        3    ##.....
b - Song of Slaying       Chrm           ####....     100%        2    #......


Dungeon Overview and Level Annotations

Branches:
Dungeon (1/1)

Altars:
Ashenzari
Cheibriados
Dithmenos
Elyvilon
Fedhas
Gozag
Kikubaaqudgha
Makhleb
Nemelex Xobeh
Okawaru
Qazlal
Ru
Sif Muna
Trog
Vehumet
Xom
Yredelemnul
Zin
The Shining One
Beogh
Jiyva
Lugonu


Innate Abilities, Weirdness & Mutations

Scrolls take you a little longer to read.


Message History

That beam is likely to hit you.
Continue anyway?
Okay, then.
You see here 3 large rocks.
You completely miss the frost giant.
The frost giant is severely wounded.
You slash the frost giant!
The frost giant is severely wounded.
The frost giant is engulfed in freezing vapours.
The frost giant casts a spell at you. The bolt of cold hits you! You resist.
* * * LOW HITPOINT WARNING * * *
You hit the frost giant but do no damage.
The frost giant is severely wounded.
You block the frost giant's attack.
BONNNG!
Unknown command.
You hit the frost giant but do no damage.
The frost giant is severely wounded.
The frost giant hits you with a battleaxe of freezing!
You die...

▓..)=): ▓.§}
▓≈≈≈)?}) ▓...
▓≈≈≈..... ▓..§
▓≈.†)..... ▓...
▓.(≈)≈†..... ▓...
▓≈.(≈≈....... ▓...
▓§.)≈.........▓..▓
▓)C▓.......▓..▓.▓.
▓@▓.▓.....▓.▓ ▓..▓
▓.§▓.......▓..▓...
▓....≈........▓▓▓▓
▓.............▓...
▓▓▓▓▓▓▓▓▓▓▓▓▓▓▓..=
▓... ▓... ▓...
▓..)


You could see a frost giant.

Vanquished Creatures
  A quicksilver dragon (D)
  2 shadow dragons (D)
  A fire giant (D)
  A frost giant (D)
  3 stone giants (D)
  A reaper (D)
  A grey draconian (D)
  A pale draconian (D)
  A mottled draconian (D)
  3 merfolk javelineers (D)
  A crystal guardian (D)
  A merfolk impaler (D)
  A merfolk avatar (D)
  A merfolk aquamancer (D)
  A hell hog (D)
  3 iron golems (D)
  A flayed ghost (D)
  A hill giant (D)
  A deep elf conjurer (D)
  4 hornets (D)
  2 griffons (D)
  A shining eye (D)
  A manticore (D)
  4 draconians (D)
  3 cyclopes (D)
  A siren (D)
  A gargoyle (D)
  A demonic crawler (D)
  3 water elementals (D)
  A tormentor (D)
  2 slime creatures (D)
  4 trolls (D)
  6 two-headed ogres (D)
  2 trapdoor spiders (D)
  A tarantella (D)
  A wraith (D)
  A yak (D)
  2 deep elf fighters (D)
  A wolf (D)
  2 golden eyes (D)
  A porcupine (D)
  A water moccasin (D)
  2 hell hounds (D)
  2 wasps (D)
  3 ogres (D)
  A necrophage (D)
  Sigmund (D)
  A giant frog (D)
  Blork the orc (D)
  8 earth elementals (D)
  A scorpion (D)
  A wight (D)
  A quasit (D)
  4 crimson imps (D)
  6 jellies (D)
  Crazy Yiuf (D)
  An iguana (D)
  Jessica (D)
  A shadow imp (D)
  An adder (D)
  A giant eyeball (D)
  3 spectral adders (D)
  An ufetubus (D)
  An adder skeleton (D)
  2 adder zombies (D)
  A spectral bat (D)
  3 bat skeletons (D)
  A bat zombie (D)
  A ball python skeleton (D)
  A ball python zombie (D)
  A quokka zombie (D)
  A spectral giant gecko (D)
126 creatures vanquished.

Vanquished Creatures (collateral kills)
  A balrug (D)
  A stone giant (D)
  A hell knight (D)
  A draconian (D)
  A gargoyle (D)
  A water moccasin (D)
  An iguana (D)
  A sheep (D)
  A jackal (D)
  A ball python skeleton (D)
10 creatures vanquished.

Vanquished Creatures (others)
  An orange demon (D)
  5 water elementals (D)
  2 air elementals (D)
  2 fire elementals (D)
  An earth elemental (D)
  2 dancing weapons (D)
13 creatures vanquished.

Grand Total: 149 creatures vanquished

Notes
Turn   | Place    | Note
--------------------------------------------------------------
     0 | D        | BluebellGnoll, the High Elf Gladiator, began the quest for the Orb.
     0 | D        | Reached XP level 1. HP: 14/14 MP: 2/2
     0 | D        | Found a viscous altar of Jiyva.
     0 | D        | Found a corrupted altar of Lugonu.
     0 | D        | Found a white marble altar of Elyvilon.
     2 | D        | Found a sparkling altar of Nemelex Xobeh.
     2 | D        | Found a burning altar of Makhleb.
     3 | D        | Found a deep blue altar of Sif Muna.
     3 | D        | Found a bloodstained altar of Trog.
     6 | D        | Found an iron altar of Okawaru.
    15 | D        | Found a radiant altar of Vehumet.
    21 | D        | Found a basalt altar of Yredelemnul.
    22 | D        | Found a shimmering altar of Xom.
    66 | D        | Became a worshipper of Qazlal Stormbringer
    76 | D        | Reached skill level 6 in Armour
    76 | D        | Reached XP level 2. HP: 19/19 MP: 3/3
    77 | D        | Entered arena 1.
    77 | D        | Noticed a water moccasin
    83 | D        | Killed a water moccasin
    83 | D        | Reached skill level 5 in Fighting
    83 | D        | Reached skill level 8 in Long Blades
    83 | D        | Reached XP level 3. HP: 22/29 MP: 5/5
    83 | D        | Reached XP level 4. HP: 26/35 MP: 7/7
   166 | D        | Entered arena 2.
   166 | D        | Noticed a deep elf fighter
   166 | D        | Noticed a deep elf conjurer
   166 | D        | Noticed a deep elf fighter
   172 | D        | Killed a deep elf conjurer
   172 | D        | Acquired Qazlal's first power
   172 | D        | Reached skill level 12 in Long Blades
   172 | D        | Reached XP level 5. HP: 21/45 MP: 8/8
   172 | D        | Reached XP level 6. HP: 23/51 MP: 10/10
   172 | D        | Reached XP level 7. HP: 25/56 MP: 12/12
   173 | D        | Killed a deep elf fighter
   173 | D        | Reached skill level 13 in Long Blades
   174 | D        | Killed a deep elf fighter
   174 | D        | Reached skill level 14 in Long Blades
   339 | D        | Entered arena 3.
   339 | D        | Noticed Sigmund
   339 | D        | Noticed Jessica
   339 | D        | Noticed Blork the orc
   339 | D        | Noticed Crazy Yiuf
   348 | D        | Killed Blork the orc
   348 | D        | Acquired Qazlal's second power
   348 | D        | Reached skill level 1 in Shields
   352 | D        | Killed Crazy Yiuf
   354 | D        | Killed Sigmund
   356 | D        | Killed Jessica
   445 | D        | Entered arena 4.
   445 | D        | Noticed a hell hound
   446 | D        | Acquired Qazlal's third power
   451 | D        | Killed a hell hound
   451 | D        | Reached XP level 8. HP: 55/63 MP: 13/13
   500 | D        | Entered arena 5.
   500 | D        | Noticed a crimson imp
   500 | D        | Noticed a crimson imp
   500 | D        | Noticed a quasit
   503 | D        | Killed a quasit
   503 | D        | Acquired Qazlal's fourth power
   504 | D        | Killed a crimson imp
   508 | D        | Killed a crimson imp
   510 | D        | Acquired Qazlal's fifth power
   516 | D        | Entered arena 6.
   516 | D        | Noticed a jelly
   516 | D        | Noticed a slime creature
   516 | D        | Noticed a jelly
   516 | D        | Noticed a jelly
   516 | D        | Noticed a golden eye
   516 | D        | Paralysed by a giant eyeball for 2 turns
   520 | D        | Killed a golden eye
   522 | D        | Killed a jelly
   522 | D        | Paralysed by a giant eyeball for 2 turns
   523 | D        | Killed a jelly
   523 | D        | Reached skill level 5 in Invocations
   525 | D        | Killed a jelly
   531 | D        | Killed a slime creature
   538 | D        | Identified the Reference Book on Hurtful Aid (You found it in the Dungeon)
   543 | D        | Learned a level 3 spell: Regeneration
   546 | D        | Learned a level 2 spell: Song of Slaying
   547 | D        | Got the ring "Hula Mewn" {rN+ MR++ MP+9}
   570 | D        | Entered arena 7.
   570 | D        | Noticed a jelly
   570 | D        | Noticed a jelly
   570 | D        | Noticed a shining eye
   570 | D        | Noticed a slime creature
   570 | D        | Noticed a golden eye
   570 | D        | Noticed a jelly
   572 | D        | Killed a golden eye
   572 | D        | Killed a jelly
   572 | D        | Gained mutation: Scrolls take you a little longer to read. [a shining eye]
   573 | D        | Killed a shining eye
   573 | D        | Reached skill level 10 in Invocations
   573 | D        | Reached XP level 9. HP: 69/69 MP: 21/25
   576 | D        | Killed a slime creature
   577 | D        | Killed a jelly
   579 | D        | Killed a jelly
   618 | D        | Entered arena 8.
   618 | D        | Noticed a cyclops
   618 | D        | Noticed a hill giant
   618 | D        | Noticed a two-headed ogre
   618 | D        | Noticed an ogre
   618 | D        | Noticed a two-headed ogre
   618 | D        | Noticed a two-headed ogre
   618 | D        | Noticed an ogre
   622 | D        | Killed a two-headed ogre
   622 | D        | Reached skill level 10 in Fighting
   622 | D        | Reached skill level 5 in Shields
   622 | D        | Killed a two-headed ogre
   622 | D        | Killed an ogre
   623 | D        | Killed a hill giant
   623 | D        | Killed a cyclops
   624 | D        | Killed an ogre
   626 | D        | Killed a two-headed ogre
   626 | D        | Reached XP level 10. HP: 75/80 MP: 18/27
   698 | D        | Entered arena 9.
   698 | D        | Noticed a draconian
   698 | D        | Noticed a grey draconian
   698 | D        | Noticed a draconian
   698 | D        | Noticed a pale draconian
   698 | D        | Noticed a mottled draconian
   698 | D        | Noticed a draconian
   698 | D        | Noticed a draconian
   698 | D        | Noticed a draconian
   700 | D        | Killed a draconian
   701 | D        | Killed a draconian
   709 | D        | Killed a draconian
   713 | D        | Killed a mottled draconian
   713 | D        | Reached skill level 10 in Shields
   715 | D        | Killed a pale draconian
   719 | D        | Killed a draconian
   722 | D        | Killed a grey draconian
   722 | D        | Reached XP level 11. HP: 77/89 MP: 11/28
   725 | D        | Killed a draconian
   763 | D        | Got the +0 pair of boots of the Seven Ghosts {-Tele rElec rF- Dex+4 SInv}
   808 | D        | Entered arena 10.
   808 | D        | Noticed a porcupine
   808 | D        | Noticed a water moccasin
   808 | D        | Noticed a giant frog
   808 | D        | Noticed an iguana
   808 | D        | Noticed an iguana
   808 | D        | Noticed a wolf
   808 | D        | Noticed a yak
   810 | D        | Killed a wolf
   814 | D        | Killed a giant frog
   816 | D        | Killed a water moccasin
   818 | D        | Killed a porcupine
   818 | D        | Killed a yak
   820 | D        | Killed an iguana
   822 | D        | Killed an iguana
   842 | D        | Got the ring of Neufe {rElec MR+}
   845 | D        | Entered arena 11.
   845 | D        | Noticed a merfolk avatar
   845 | D        | Noticed a merfolk aquamancer
   845 | D        | Noticed a merfolk javelineer
   845 | D        | Noticed a griffon
   845 | D        | Noticed a griffon
   845 | D        | Noticed a merfolk impaler
   845 | D        | Noticed a siren
   845 | D        | Noticed a merfolk javelineer
   847 | D        | Noticed a merfolk javelineer
   847 | D        | Killed a merfolk impaler
   847 | D        | Killed a siren
   848 | D        | Killed a merfolk javelineer
   848 | D        | Reached skill level 15 in Invocations
   849 | D        | Noticed a manticore
   851 | D        | Killed a merfolk javelineer
   852 | D        | Killed a merfolk aquamancer
   852 | D        | Reached skill level 16 in Invocations
   854 | D        | Killed a griffon
   859 | D        | Killed a griffon
   859 | D        | Reached skill level 17 in Invocations
   860 | D        | Killed a manticore
   860 | D        | Killed a merfolk javelineer
   867 | D        | Killed a merfolk avatar
   867 | D        | Reached skill level 18 in Invocations
   918 | D        | Entered arena 12.
   918 | D        | Noticed a tarantella
   918 | D        | Noticed a hornet
   918 | D        | Noticed a demonic crawler
   918 | D        | Noticed a wasp
   918 | D        | Noticed a hornet
   918 | D        | Noticed a hornet
   919 | D        | Noticed a hornet
   919 | D        | Noticed a scorpion
   919 | D        | Killed a wasp
   920 | D        | Noticed a wasp
   921 | D        | Killed a demonic crawler
   921 | D        | Reached skill level 1 in Spellcasting
   921 | D        | Reached skill level 1 in Charms
   921 | D        | Killed a hornet
   921 | D        | Reached XP level 12. HP: 96/96 MP: 17/33
   921 | D        | Killed a hornet
   921 | D        | Killed a hornet
   925 | D        | Killed a tarantella
   925 | D        | Reached skill level 5 in Throwing
   929 | D        | Killed a hornet
   930 | D        | Killed a wasp
   930 | D        | Reached skill level 5 in Charms
   933 | D        | Killed a scorpion
   941 | D        | Noticed a trapdoor spider
   945 | D        | Killed a trapdoor spider
   945 | D        | Reached skill level 5 in Spellcasting
   948 | D        | Noticed a trapdoor spider
   948 | D        | Killed a trapdoor spider
   977 | D        | Entered arena 13.
   978 | D        | Noticed a shadow dragon
   979 | D        | Noticed a shadow dragon
   988 | D        | Killed a shadow dragon
  1004 | D        | Killed a shadow dragon
  1154 | D        | Entered arena 14.
  1154 | D        | Noticed an iron golem
  1154 | D        | Noticed an earth elemental
  1154 | D        | Noticed an earth elemental
  1156 | D        | Noticed a quicksilver dragon
  1156 | D        | Noticed a stone giant
  1157 | D        | Noticed a gargoyle
  1158 | D        | Noticed a crystal guardian
  1159 | D        | Noticed an iron golem
  1160 | D        | Noticed an earth elemental
  1160 | D        | Noticed a stone giant
  1161 | D        | Noticed an earth elemental
  1162 | D        | Noticed a gargoyle
  1162 | D        | Noticed an iron golem
  1168 | D        | Killed a gargoyle
  1170 | D        | Killed a quicksilver dragon
  1170 | D        | Reached skill level 15 in Fighting
  1171 | D        | Killed an earth elemental
  1173 | D        | Killed an earth elemental
  1174 | D        | Killed an earth elemental
  1174 | D        | Killed a gargoyle
  1175 | D        | Killed a stone giant
  1176 | D        | Killed an earth elemental
  1177 | D        | Killed an iron golem
  1186 | D        | Killed a crystal guardian
  1195 | D        | Killed an iron golem
  1197 | D        | Killed an iron golem
  1218 | D        | Killed a stone giant
  1551 | D        | Entered arena 15.
  1551 | D        | Noticed a flayed ghost
  1551 | D        | Noticed a hell hog
  1552 | D        | Noticed a reaper
  1553 | D        | Noticed a balrug
  1553 | D        | Noticed a wraith
  1553 | D        | Noticed a necrophage
  1553 | D        | Noticed a wight
  1553 | D        | Killed a flayed ghost
  1553 | D        | Reached XP level 13. HP: 109/109 MP: 34/34
  1553 | D        | Killed a reaper
  1554 | D        | Noticed a tormentor
  1554 | D        | Killed a tormentor
  1554 | D        | Reached skill level 19 in Fighting
  1554 | D        | Killed a crimson imp
  1555 | D        | Noticed a hell knight
  1557 | D        | Killed a hell hog
  1557 | D        | Killed a wight
  1558 | D        | Noticed a crimson imp
  1558 | D        | Killed a wraith
  1558 | D        | Killed a necrophage
  1561 | D        | Killed a balrug
  1561 | D        | Reached skill level 20 in Fighting
  1564 | D        | Killed a hell knight
  1571 | D        | Killed a crimson imp
  1603 | D        | Identified Cliolobb's Reference Book on Malediction and Changing (You found it in the Dungeon)
  1607 | D        | Entered arena 16.
  1614 | D        | Noticed a troll
  1614 | D        | Noticed a troll
  1615 | D        | Noticed a stone giant
  1615 | D        | Noticed a two-headed ogre
  1615 | D        | Noticed a frost giant
  1615 | D        | Killed a troll
  1615 | D        | Killed a troll
  1615 | D        | Killed a two-headed ogre
  1615 | D        | Reached skill level 21 in Fighting
  1616 | D        | Noticed a frost giant
  1616 | D        | Noticed a troll
  1617 | D        | Noticed a fire giant
  1617 | D        | Killed a troll
  1618 | D        | Noticed a stone giant
  1618 | D        | Killed a troll
  1619 | D        | Noticed a two-headed ogre
  1619 | D        | Noticed a cyclops
  1619 | D        | Noticed an ogre
  1619 | D        | Noticed a two-headed ogre
  1619 | D        | Noticed a cyclops
  1622 | D        | Killed a frost giant
  1624 | D        | Killed a two-headed ogre
  1624 | D        | Killed an ogre
  1624 | D        | Killed a cyclops
  1624 | D        | Killed a two-headed ogre
  1624 | D        | Killed a cyclops
  1624 | D        | Killed a stone giant
  1624 | D        | Reached skill level 22 in Fighting
  1624 | D        | Killed a stone giant
  1625 | D        | Killed a fire giant
  1629 | D        | HP: 6/120 [frost giant/bolt of cold (12)]
  1631 | D        | Mangled by a frost giant

Action                   |  1- 3 |  4- 6 |  7- 9 | 10-12 | 13-15 || total
-------------------------+-------+-------+-------+-------+-------++-------
Melee: Double sword      |     4 |     1 |    47 |   105 |    11 ||   168
 Fire: Longbow           |     1 |     4 |       |       |       ||     5
Throw: Throwing net      |       |       |     3 |     1 |       ||     4
 Cast: Regeneration      |       |       |       |     1 |       ||     1
       Song of Slaying   |       |       |       |     1 |       ||     1
Invok: Upheaval          |       |       |     3 |    17 |     4 ||    24
       Elemental Force   |       |       |       |     3 |       ||     3
       Disaster Area     |       |       |       |       |     1 ||     1
Evoke: Wand              |       |       |     7 |       |     4 ||    11
       Deck              |       |       |       |     2 |     1 ||     3
       Stone of tremors  |       |       |       |     2 |       ||     2
       Phial of floods   |       |       |       |     1 |     2 ||     3
  Use: Potion            |     1 |       |     1 |     4 |       ||     6
       Scroll            |       |       |       |    10 |       ||    10
 Stab: Distracted        |       |       |       |     2 |     1 ||     3
  Eat: Chunk             |       |       |       |     2 |     1 ||     3
